 Dungeon Crawl Stone Soup version 0.32-a0-814-g0968bab981 (webtiles) character file.

Game seed: 16969125268160526576

60 smashvw the Nimble (level 4, 0/38 HPs)
             Began as a Gnoll Wanderer on Mar 22, 2024.
             Slain by Robin
             ... wielding a +0 whip
              (4 damage)
             ... on level 3 of the Dungeon.
             The game lasted 00:04:09 (1769 turns).

smashvw the Nimble (Gnoll Wanderer)                 Turns: 1769, Time: 00:04:10

Health: 0/38       AC:  4    Str:  6 (9)  XL:     4   Next: 4%
Magic:  0/8        EV: 14    Int: 10 (13) God:
Gold:   80         SH:  0    Dex: 11 (14) Spells: 7/8 levels left

rFire   . . .        a - +0 dagger
rCold   . . .        (no shield)
rNeg    . . .        q - +0 robe
rPois   .            f - +0 helmet
rElec   .            h - +0 cloak
rCorr   .            (no gloves)
SInv    .            (no boots)
Will    .....        (no amulet)
Stlth   ++           (no ring)
HPRegen 0.26/turn    (no ring)
MPRegen 0.11/turn

%: no passive effects
@: no status effects
A: fangs 1, strong nose, distributed training
a: no special abilities


You were on level 3 of the Dungeon.
You visited 1 branch of the dungeon, and saw 3 of its levels.

You collected 80 gold pieces.

Inventory:

Hand Weapons
 a - a +0 dagger (weapon)
Missiles
 b - 2 throwing nets
 n - 23 stones
Armour
 f - a +0 helmet (worn)
 h - a +0 cloak (worn)
 q - a +0 robe (worn)
 r - a +0 kite shield
Jewellery
 k - a ring of protection from cold
Scrolls
 c - a scroll of fog
 d - a scroll of vulnerability
 j - a scroll of identify {unknown}
 l - a scroll of noise {unknown}
 m - a scroll of blinking {unknown}
 o - a scroll of butterflies {unknown}
 p - a scroll of poison {unknown}
Potions
 e - a potion of attraction {unknown}
 g - a potion of degeneration
 i - a potion of curing {unknown}


   Skills:
 + Level 4.6 Fighting
 + Level 1.0 Short Blades
 + Level 1.0 Long Blades
 + Level 1.0 Axes
 + Level 1.0 Maces & Flails
 + Level 1.0 Polearms
 + Level 1.0 Staves
 + Level 1.0 Ranged Weapons
 + Level 1.0 Throwing
 + Level 1.0 Armour
 + Level 10.4 Dodging
 + Level 2.5 Stealth
 + Level 1.0 Shields
 + Level 1.0 Unarmed Combat
 + Level 2.9 Spellcasting
 + Level 0.8 Conjurations
 + Level 0.8 Hexes
 + Level 0.8 Summonings
 + Level 0.8 Necromancy
 + Level 0.8 Translocations
 + Level 0.8 Fire Magic
 + Level 0.8 Ice Magic
 + Level 0.8 Air Magic
 + Level 2.2 Earth Magic
 + Level 0.8 Alchemy
 + Level 1.1 Invocations
 + Level 1.0 Evocations
 + Level 1.0 Shapeshifting


You had 7 spell levels left.
You knew the following spells:

 Your Spells              Type           Power      Damage    Failure   Level
a - Sandblast             Erth           10%        2d5       12%         1

Your spell library contained the following spells:

 Spells                   Type           Power      Damage    Failure   Level
 Passwall                 Erth           5%         N/A       34%         3
 Call Canine Familiar     Summ           3%         N/A       52%         3
 Sigil of Binding         Hex            3%         N/A       52%         3
 Dimensional Bullseye     Hex/Tloc       1%         N/A       90%         4


Dungeon Overview and Level Annotations

Branches:
Dungeon (3/15)

Altars:
Nemelex Xobeh

Annotations:
D:3 Robin


Innate Abilities, Weirdness & Mutations

You have very sharp teeth.
Your uncanny sense of smell can sniff out nearby items.
Your experience applies equally to all skills.


Message History

You hit Robin but do no damage.
Robin is heavily wounded.
The goblin no longer looks unusually strong.
The goblin misses you.
You are too injured to fight recklessly!
Aiming: Sandblast (safe; 10% risk of failure)
Press: ? - help, Q - select action, (/) - cycle Shift-Dir - straight line, f/p - Robin
Aim: Robin, wielding a +0 whip, wearing a +0 animal skin and wearing a +0 helmet (heavily wounded, 86% to hit)
The blast of sand hits Robin.
Robin is severely wounded.
Robin misses you. The goblin completely misses you. Robin closely misses you.
The goblin hits you with a +0 club.
Aiming: Sandblast (safe; 10% risk of failure)
Press: ? - help, Q - select action, (/) - cycle Shift-Dir - straight line, f/p - Robin
Aim: Robin, wielding a +0 whip, wearing a +0 animal skin and wearing a +0 helmet (severely wounded, 86% to hit)
The blast of sand misses Robin.
The blast of sand hits the goblin.
The goblin is severely wounded.
Robin roars a battlecry!
The goblin goes into a battle-frenzy!
The goblin barely misses you.
It was a potion of degeneration.
There was something very wrong with that liquid.
You feel weakened.
You feel dopey.
You feel clumsy. Robin hits you with a +0 whip.
The goblin hits you with a +0 club.
* * * LOW HITPOINT WARNING * * *
You hit Robin but do no damage.
Robin is severely wounded.
Robin hits you with a +0 whip.
* * * LOW HITPOINT WARNING * * *
The goblin hits you with a +0 club.
* * * LOW HITPOINT WARNING * * *
You hit Robin but do no damage. You bite Robin.
Robin is severely wounded.
Robin closely misses you. The goblin hits you with a +0 club.
* * * LOW HITPOINT WARNING * * *
You completely miss Robin.
Robin is severely wounded.
Robin hits you with a +0 whip.
You die...
Robin lets out a smug laugh.

### #.#.# ### ##### .....
... ..... #.#.# #.# #...
#.#.## #.# #### # #g#..#
#.# ### #. #@#..# #.# #..
##.#.g###g#..# #.#######
.....g..lg...# ##.#......
.#.#.##.#+#..####.........
.....................
#.##................... #
#......#####.####..#
#......# #.# #..#
.........∆ ... ....


You could see Robin, 2 goblins and a frilled lizard.

Vanquished Creatures
  An adder (D:2)
  2 dart slugs
  An orc (D:3)
  4 endoplasms
  2 giant cockroaches (D:2)
  6 goblins
  5 hobgoblins
  6 ball pythons
  5 bats
  5 frilled lizards (D:1)
  4 kobolds
  2 rats (D:1)
43 creatures vanquished.

Notes
Turn   | Place    | Note
-------+----------+-------------------------------------------
     0 | D:1      | Reached skill level 10 in Dodging
     0 | D:1      | smashvw the Gnoll Wanderer began the quest for the Orb.
     0 | D:1      | smashvw set off with the following items: a +0 dagger, 2
                  | throwing nets, a scroll of fog, a scroll of vulnerability,
                  | a +0 leather armour; and the following spell memorised:
                  | Sandblast; and the following spells available to memorise:
                  | Passwall.
     0 | D:1      | Reached XP level 1. HP: 20/20 MP: 4/4
    79 | D:1      | Reached XP level 2. HP: 26/26 MP: 1/5
   320 | D:1      | Found a faded altar of an unknown god.
   345 | D:1      | Reached XP level 3. HP: 29/31 MP: 5/7
   989 | D:2      | Reached skill level 1 in Invocations
  1107 | D:2      | Found a sparkling altar of Nemelex Xobeh.
  1424 | D:2      | Reached skill level 1 in Short Blades
  1424 | D:2      | Reached skill level 1 in Long Blades
  1424 | D:2      | Reached skill level 1 in Axes
  1424 | D:2      | Reached skill level 1 in Maces & Flails
  1424 | D:2      | Reached skill level 1 in Polearms
  1424 | D:2      | Reached skill level 1 in Staves
  1424 | D:2      | Reached skill level 1 in Ranged Weapons
  1424 | D:2      | Reached skill level 1 in Throwing
  1424 | D:2      | Reached skill level 1 in Armour
  1424 | D:2      | Reached skill level 1 in Shields
  1424 | D:2      | Reached skill level 1 in Unarmed Combat
  1424 | D:2      | Reached skill level 1 in Evocations
  1728 | D:3      | Noticed Robin
  1744 | D:3      | Reached skill level 1 in Shapeshifting
  1744 | D:3      | Reached XP level 4. HP: 32/38 MP: 4/8
  1769 | D:3      | Slain by Robin

Illustrated notes

Levels and vault maps discovered:
D:1:      scummos_arrival_gate, layout_rooms, ebering_ecumenical_altar_hall,
          minivault_5, chequers_serial_rivers_micro_d
D:2:      layout_basic, basic_altar
D:3:      layout_basic, chequers_serial_rivers_room_b, uniq_robin

Skill      XL: |  1  2  3 |
---------------+----------+-----
Dodging        | | 10.4
Earth Magic    | 2 |  2.2
Invocations    | 1 |  1.1
Short Blades   | 1 |  1.0
Long Blades    | 1 |  1.0
Axes           | 1 |  1.0
Maces & Flails | 1 |  1.0
Polearms       | 1 |  1.0
Staves         | 1 |  1.0
Ranged Weapons | 1 |  1.0
Throwing       | 1 |  1.0
Armour         | 1 |  1.0
Shields        | 1 |  1.0
Unarmed Combat | 1 |  1.0
Evocations     | 1 |  1.0
Shapeshifting  | 1 |  1.0
Fighting       | |  4.6
Stealth        | |  2.5
Spellcasting   | |  2.9
Conjurations   | |  0.8
Hexes          | |  0.8
Summonings     | |  0.8
Necromancy     | |  0.8
Translocations | |  0.8
Fire Magic     | |  0.8
Ice Magic      | |  0.8
Air Magic      | |  0.8
Alchemy        | |  0.8

Action                     |  1- 3 |  4- 6 || total
---------------------------+-------+-------++-------
  Melee: Dagger            |    93 |    18 ||   111
         Bite              |     7 |     5 ||    12
   Cast: Sandblast         |    29 |     7 ||    36
    Use: Potion            |       |     1 ||     1
 Armour: Leather armour    |    37 |       ||    37
         Robe              |    15 |    22 ||    37
  Dodge: Dodged            |    84 |    27 ||   111

Table legend: (Time is in decaauts)
 A = Elapsed time spent in this place.
 B = Non-inter-level travel time spent in this place.
 C = Inter-level travel time spent in this place.
 D = Time resting spent in this place.
 E = Time spent auto-exploring this place.
 F = Levels seen in this place.
 G = Mean time per level.
                   A        B        C        D        E       F      G
               +--------+--------+--------+--------+--------+-----+--------+
         Total |   1783 |   1596 |    187 |      0 |   1225 |   3 |  594.3 |
       Dungeon |   1783 |   1596 |    187 |      0 |   1225 |   3 |  594.3 |
               +--------+--------+--------+--------+--------+-----+--------+

Top non-repeatable levels by time:
     D:1: 906 daAuts
     D:2: 752 daAuts
     D:3: 124 daAuts
